 Seeded DCSS version 0.29.1-15-g9cfb28693d (webtiles) character file.

Game seed: 20230404 (custom seed)

412 Danienth the Grave Robber (level 6, -3/32 HPs)
             Began as a Deep Elf Necromancer on Apr 4, 2023.
             Was a Believer of Sif Muna.
             Slain by a killer bee (6 damage)
             ... on level 4 of the Dungeon.
             The game lasted 00:48:03 (2611 turns).

Danienth the Grave Robber (Deep Elf Necromancer)    Turns: 2611, Time: 00:48:03

Health: -3/32      AC:  5    Str:  5    XL:     6   Next: 59%
Magic:  9/17       EV: 10    Int: 22    God:    Sif Muna [**....]
Gold:   136        SH:  7    Dex: 15    Spells: 12/17 levels left

rFire   . . .      SeeInvis +   g - +1 whip
rCold   . . .      Faith    .   o - +0 kite shield
rNeg    . . .      Spirit   .   d - +2 leather armour of Nozim {*Corrode rPois SInv}
rPois   +          Reflect  .   (no helmet)
rElec   .          Harm     .   (no cloak)
rCorr   .          Rampage  .   (no gloves)
Will    .....                   (no boots)
Stlth   ++........              v - amulet of regeneration
HPRegen 0.90/turn               C - +4 ring of slaying
MPRegen 0.15/turn               (no ring)

@: lethally poisoned (-3 -> -11), about to teleport
A: no striking features
a: Renounce Religion, Channel Magic


You were on level 4 of the Dungeon.
You worshipped Sif Muna.
Sif Muna was pleased with you.
You visited 1 branch of the dungeon, and saw 4 of its levels.

You collected 136 gold pieces.

Inventory:

Hand Weapons
 c - a +1 dagger of distortion
 g - a +1 whip (weapon)
 i - a +0 club
 l - a +2 scythe of freezing
 n - a +0 short sword
 p - a +0 whip
 t - a +0 hand axe
 w - a +0 short sword
 y - a +0 hand axe
Missiles
 a - a throwing net
 b - 9 poisoned darts
 h - 42 stones
Armour
 d - the +2 leather armour of Nozim (worn) {*Corrode rPois SInv}
   (You found it on level 2 of the Dungeon)

   rPois:     It protects you from poison.
   SInv:      It lets you see invisible.
   *Corrode:  It may corrode you when you take damage.
 e - a +0 chain mail
 k - a +0 ring mail
 m - a +0 robe
 o - a +0 kite shield (worn)
 r - a +0 leather armour
 u - a scarf of shadows
 G - a +0 leather armour
 I - a +0 robe
 M - a +0 leather armour
 Q - a +0 scale mail
 T - a +1 scale mail of willpower
 W - a +0 animal skin
 X - a +0 helmet
Jewellery
 v - an amulet of regeneration (around neck)
 C - a +4 ring of slaying (left hand)
Wands
 q - a wand of charming (7)
 B - a wand of flame (7) (quivered)
 R - a wand of mindburst (10)
Scrolls
 z - a scroll of teleportation
Potions
 f - a potion of heal wounds
 j - 2 potions of curing {unknown}
 s - 3 potions of degeneration {unknown}
 x - a potion of might
 A - 2 potions of ambrosia {unknown}


   Skills:
 + Level 0.1 Fighting
 + Level 0.2 Maces & Flails
 + Level 0.7 Armour
 + Level 2.8 Dodging
 + Level 3.0 Stealth
 + Level 6.1 Spellcasting
 + Level 7.3 Necromancy
 + Level 1.1 Evocations


You had 12 spell levels left.
You knew the following spells:

 Your Spells              Type           Power      Damage    Failure   Level
a - Necrotise             Necr           100%       1d9       2%          1
b - Animate Dead          Necr           39%        N/A       26%         4

Your spell library contained the following spells:

 Spells                   Type           Power      Damage    Failure   Level
 Vampiric Draining        Necr           39%        2d8       8%          3
 Agony                    Necr           39%        N/A       56%         5
 Summon Forest            Summ/Tloc      3%         N/A       100%        5
 Summon Mana Viper        Hex/Summ       6%         N/A       100%        5
 Summon Cactus Giant      Summ           3%         N/A       100%        6


Dungeon Overview and Level Annotations

Branches:
Dungeon (4/15)
 Temple: D:4-7

Altars:
Sif Muna

Annotations:
D:4 1 runed translucent door, Aviaq's ghost, weakling GnFi


Message History

Press: ? - help, Shift-Dir - straight line, f - killer bee
Aim: a killer bee (chance to affect: 88%)
The killer bee writhes in agony!
You feel very sick. The killer bee stings you.
* * * LOW HITPOINT WARNING * * *
You are lethally poisoned!
The killer bee poisons you! You block the killer bee's attack.
The killer bee barely misses you.
The killer bee stings you but does no damage.
You feel much better.
You feel very sick. The killer bee barely misses you.
The killer bee stings you. The killer bee barely misses you. x2
As you read the scroll of teleportation, it crumbles to dust.
You feel strangely unstable.
You feel very sick. You block the killer bee's attack.
The killer bee stings you. The killer bee closely misses you.
The killer bee stings you.
Casting: Necrotise (safe; 2% risk of failure)
Confirm with . or Enter, or press ? or * to list all spells.
Aiming: Necrotise (safe; 2% risk of failure)
Press: ? - help, Shift-Dir - straight line, f - killer bee, p - killer bee
Aim: a killer bee (moderately wounded, chance to affect: 88%)
The killer bee writhes in agony.
You feel sick.
The killer bee stings you but does no damage.
You block the killer bee's attack. The killer bee stings you.
* * * LOW HITPOINT WARNING * * *
You block the killer bee's attack.
Casting: Necrotise (safe; 2% risk of failure)
Confirm with . or Enter, or press ? or * to list all spells.
Aiming: Necrotise (safe; 2% risk of failure)
Press: ? - help, Shift-Dir - straight line, p - killer bee The killer bee writhes in agony.
You feel sick. The killer bee stings you.
* * * LOW HITPOINT WARNING * * *
The killer bee stings you.
* * * LOW HITPOINT WARNING * * *
You are lethally poisoned!
The killer bee poisons you! The killer bee stings you.
You die...

.. ###.#########
#.......<.y@#
##.#.##..###y#######
....##..###yy.....#
#.#.......#y#####.# #
#.#..#..#.#o#
#.#....y.y....#
#.........#y#=......#
#........##.#?##.#..#
##..y......#.#.. ..


You could see 5 killer bees and an orc.

Vanquished Creatures
  Sigmund (D:3)
  A killer bee (D:4)
  An orc priest (D:3)
  Ijyb (D:3)
  An orc wizard (D:2)
  Robin (D:3)
  2 adders (D:2)
  A worm (D:2)
  3 orcs (D:2)
  5 ball pythons
  3 bats
  8 endoplasms
  A giant cockroach (D:1)
  12 goblins
  8 hobgoblins
  7 jackals
  7 kobolds
  6 quokkas
  A frilled lizard (D:1)
  4 rats
74 creatures vanquished.

Vanquished Creatures (collateral kills)
  A dart slug (D:2)
  An endoplasm (D:1)
  A jackal (D:1)
  A ball python (D:1)
  A kobold (D:1)
  A rat (D:1)
6 creatures vanquished.

Vanquished Creatures (others)
  2 goblin zombies (D:3)
  A hobgoblin zombie (D:3)
3 creatures vanquished.

Grand Total: 83 creatures vanquished

Notes
Turn   | Place    | Note
-------+----------+-------------------------------------------
     0 | D:1      | Danienth the Deep Elf Necromancer began the quest for the
                  | Orb.
     0 | D:1      | Reached XP level 1. HP: 10/10 MP: 6/6
    38 | D:1      | Reached skill level 5 in Necromancy
    87 | D:1      | Reached XP level 2. HP: 15/15 MP: 1/8
   170 | D:1      | Found a faded altar of an unknown god.
   223 | D:1      | Prayed at the altar of an unknown god.
   223 | D:1      | Became a worshipper of Sif Muna the Loreminder
   223 | D:1      | Reached * piety under Sif Muna
   686 | D:1      | Reached XP level 3. HP: 18/19 MP: 8/10
  1000 | D:2      | Identified the +2 leather armour of Nozim {*Corrode rPois
                  | SInv}
  1194 | D:2      | Reached ** piety under Sif Muna
  1405 | D:2      | Reached XP level 4. HP: 24/24 MP: 7/12
  1609 | D:2      | Learned a level 4 spell: Animate Dead
  1618 | D:2      | Reached skill level 6 in Necromancy
  1657 | D:3      | Noticed Ijyb
  1762 | D:3      | Reached XP level 5. HP: 15/28 MP: 10/14
  1766 | D:3      | Killed Ijyb
  1894 | D:3      | Reached skill level 5 in Spellcasting
  1909 | D:3      | Noticed Robin
  1931 | D:3      | Killed Robin
  2225 | D:3      | Reached skill level 1 in Evocations
  2227 | D:3      | Noticed Sigmund
  2247 | D:3      | Killed Sigmund
  2248 | D:3      | Reached skill level 7 in Necromancy
  2248 | D:3      | Reached XP level 6. HP: 24/32 MP: 8/16
  2572 | D:4      | Found a runed translucent door.
  2572 | D:4      | Noticed Aviaq's ghost (weakling GnFi)
  2611 | D:4      | Slain by a killer bee

Illustrated notes

Levels and vault maps discovered:
D:1:      sevenhm_arrival_forest_fort_small_3, layout_loops_ring,
          hellmonk_ecumenical_altar_arch_garden
D:2:      layout_loops_ring
D:3:      layout_rooms, uniq_robin, uniq_sigmund, uniq_ijyb
D:4:      minmay_diamond_boxcup, layout_loops_cross, evilmike_ruin_ashenzari,
          nicolae_ru_great_annihilating_truth, minmay_temple_entry_sparse_star,
          hellmonk_ghost_happy_afterlife, uniq_blork_the_orc

Skill      XL: |  1  2  3  4  5  6 |
---------------+-------------------+-----
Necromancy     | 5 6 7 |  7.3
Spellcasting   | 4 5 6 |  6.1
Evocations     | 1 |  1.1
Stealth        | 3 |  3.0
Fighting       | |  0.1
Maces & Flails | |  0.2
Armour         | |  0.7
Dodging        | |  2.8

Action                   |  1- 3 |  4- 6 || total
-------------------------+-------+-------++-------
Melee: Unarmed           |     4 |       ||     4
       Whip              |     2 |     7 ||     9
 Cast: Necrotise         |    66 |    72 ||   138
       Animate Dead      |       |     1 ||     1
Evoke: Wand              |       |    11 ||    11
  Use: Scroll            |     4 |     1 ||     5
       Potion            |     2 |     1 ||     3
Armor: Robe              |     8 |       ||     8
       Leather armour    |     4 |    16 ||    20
Dodge: Dodged            |    44 |    38 ||    82
Block: Kite shield       |       |    15 ||    15
